 Dungeon Crawl Stone Soup version 0.28-a0-1616-g050a50673c (webtiles) character file.

Game seed: 5929622646024278293

14582 ragingrage the Severer (level 12, -14/73 HPs)
             Began as a Gargoyle Artificer on Jan 22, 2022.
             Was the Champion of Okawaru.
             Demolished by a cyclops (30 damage)
             ... on level 13 of the Dungeon on Jan 23, 2022.
             The game lasted 00:42:39 (17193 turns).

ragingrage the Severer (Gargoyle Artificer)        Turns: 17193, Time: 00:42:40

Health: -14/73     AC:  9    Str: 21    XL:     12   Next: 18%
Magic:  13/14      EV: 17    Int: 12    God:    Okawaru [******]
Gold:   527        SH:  0    Dex: 10    Spells: 11/11 levels left

rFire   + . .      SeeInvis .   c - +0 broad axe (venom)
rCold   + . .      Faith    +   (no shield)
rNeg    + . .      Spirit   .   i - +0 troll leather armour
rPois   ∞          Reflect  .   (no helmet)
rElec   +          Harm     .   (no cloak)
rCorr   +          Rampage  .   g - +1 pair of gloves
Will    ++...      Clarity  +   J - +0 pair of boots
Stlth   +++.......              n - amulet of faith
HPRegen 1.02/turn               s - ring of willpower
MPRegen 0.14/turn               u - +4 ring of evasion

@: brilliant, resistant, heroic, corroded, attractive, unable to read
A: sickness immunity, AC +8, negative energy resistance 1, electricity
resistance, torment resistance 1, petrification resistance, clarity,
strong-willed 1, inability to read while threatened
a: Renounce Religion, Heroism, Finesse, Duel


You were on level 13 of the Dungeon.
You worshipped Okawaru.
Okawaru was exalted by your worship.
You visited 2 branches of the dungeon, and saw 13 of its levels.

You collected 527 gold pieces.

Inventory:

Hand Weapons
 a - a +2 spear of venom
 b - the +7 fustibalus of Absolutism {venom, Fly rC++ MP+9}
   (Okawaru gifted it to you on level 9 of the Dungeon)

   Any ammunition fired from it poisons the flesh of those it strikes.
   rC:        It greatly protects you from cold.
   MP:        It affects your magic capacity (+9).
   Fly:       It grants you flight.
 c - a +0 broad axe of venom (weapon)
 d - a +1 whip of electrocution
Missiles
 o - 12 poisoned darts (quivered)
 q - 6 atropa-tipped darts
 z - 55 sling bullets
 T - 4 curare-tipped darts
 X - 6 silver javelins
Armour
 g - a +1 pair of gloves (worn)
 i - a +0 troll leather armour (worn)
 J - a +0 pair of boots (worn)
Jewellery
 n - an amulet of faith (around neck)
 p - a ring of positive energy
 s - a ring of willpower (left hand)
 u - a +4 ring of evasion (right hand)
 I - a ring of resist corrosion
 M - a ring of positive energy
Wands
 C - a wand of polymorph (4)
 P - a wand of iceblast (11)
 Q - a wand of flame (48)
Scrolls
 h - 4 scrolls of enchant weapon
 k - a scroll of enchant armour
 l - a scroll of blinking
 m - a scroll of immolation
 r - 2 scrolls of identify
 y - 4 scrolls of amnesia
 A - 2 scrolls of noise
 B - 2 scrolls of teleportation
 F - a scroll of magic mapping
 H - a scroll of summoning
 U - a scroll of vulnerability
Potions
 f - 2 potions of flight {unknown}
 j - 2 potions of curing
 t - 2 potions of attraction
 w - a potion of invisibility {unknown}
 x - a potion of resistance
 D - 3 potions of lignification
Miscellaneous
 e - a piece from Xom's chessboard (15/15)


   Skills:
 - Level 8.0(13.0) Fighting
 + Level 15.2(20.2) Axes
 - Level 2.1(7.1) Armour
 - Level 0.7(5.7) Dodging
 - Level 1.1(6.1) Stealth
 - Level 3.0 Invocations
 - Level 6.0 Evocations


You had 11 spell levels left.
You didn't know any spells.
Your spell library contained the following spells:

 Spells                   Type           Power      Damage    Failure   Level
 Apportation              Tloc           0%         N/A       36%         1
 Freeze                   Ice            0%         1d3       36%         1
 Confusing Touch          Hex            0%         N/A       75%         3
 Frozen Ramparts          Ice            0%         1d2       75%         3
 Hailstorm                Conj/Ice       0%         3d3       98%         4
 Leda's Liquefaction      Hex/Erth       0%         N/A       98%         4
 Lee's Rapid Deconstruct  Erth           0%         3d5*      100%        5
 Yara's Violent Unravell  Hex/Tmut       0%         3d3       100%        5
 Enfeeble                 Hex            0%         N/A       100%        7
 Animate Skeleton         Necr           Unusable   N/A       N/A         1
 Summon Small Mammal      Summ           Unusable   N/A       N/A         1
 Statue Form              Tmut/Erth      Unusable   N/A       N/A         6

Dungeon Overview and Level Annotations

Branches:
Dungeon (13/15)            Temple (1/1) D:4             Orc (0/2) D:9
   Lair: D:8-11      Vaults: D:13-14

Altars:
Cheibriados
Dithmenos
Fedhas
Gozag
Hepliaklqana
Nemelex Xobeh
Okawaru
Qazlal
Sif Muna
Trog
Uskayaw
Vehumet
Wu Jian
Yredelemnul
The Shining One

Shops:
D:9 :

Annotations:
D:7 exclusion: downstairs
D:13 exclusion: upstairs


Innate Abilities, Weirdness & Mutations

You are immune to sickness and miasma.
Your stone body is resilient. (AC +8)
You are immune to poison.
You resist negative energy. (rN+)
You are resistant to electric shocks. (rElec)
You are resistant to unholy torment.
You are immune to petrification.
You possess an exceptional clarity of mind.
You are strong-willed. (Will+)
You sometimes lose the ability to read scrolls when taking damage.


Message History

The cyclops misses you.
The centaur shoots an arrow.
The arrow hits you.
The centaur hits you but does no damage.
The centaur misses you.
The centaur warrior hits you but does no damage.
The centaur warrior closely misses you. The centaur closely misses you.
The centaur barely misses you.
It was a potion of attraction.
You feel attractive to monsters.
The centaur shoots an arrow.
The arrow closely misses you. The centaur barely misses you.
The centaur misses you. The centaur warrior barely misses you.
The centaur warrior kicks you but does no damage.
The deep elf zephyrmancer completely misses you.
The centaur misses you. x2; The cyclops hits you.
The centaur hits you but does no damage.
The centaur completely misses you.
Unknown command.
You slice the centaur!!
You kill the centaur!
Okawaru accepts your kill.
You slash the centaur!
You kill the centaur!
Okawaru accepts your kill.
You hit the deep elf zephyrmancer.
The deep elf zephyrmancer is poisoned.
You hit the cyclops. You barely miss the centaur.
You barely miss the centaur warrior. The centaur warrior closely misses you.
The centaur warrior kicks you but does no damage.
The deep elf zephyrmancer closely misses you.
The centaur unwields a +0 shortbow.
The centaur hits you.
* * * LOW HITPOINT WARNING * * *
The centaur kicks you but does no damage.
Unknown command.
You closely miss the deep elf zephyrmancer.
The deep elf zephyrmancer is lightly wounded.
You hit the cyclops but do no damage.
The cyclops looks as sick as possible!
You hit the centaur but do no damage.
The centaur is poisoned.
You barely miss the centaur warrior. The centaur warrior hits you.
* * * LOW HITPOINT WARNING * * *
The centaur warrior barely misses you. The cyclops hits you!!
You die...

...(.........###
...............
##.....#####..#####
...#....#####.....#### .
.####...............(#..
...####.<##.............
...# ##.........>.....#
...# ####.....cC...#
...# #....c@e...# ####
#..).)))...#
#..........#
#...........?.
###########..# .. .


You could see a centaur warrior (very poisoned), a cyclops (extremely poisoned),
a deep elf zephyrmancer (very poisoned) and a centaur (very poisoned).

Vanquished Creatures
  A centaur warrior (D:13)
  A two-headed ogre (D:10)
  A deep elf zephyrmancer (D:13)
  A manticore (D:13)
  Maggie (D:9)
  A kobold demonologist (D:13)
  2 trolls
  Prince Ribbit (D:6)
  A hornet (D:8)
  8 slime creatures
  A shadow (D:12)
  A golden eye (D:5)
  Grum (D:5)
  17 yaks
  3 steam dragons
  2 vampire mosquitoes (D:12)
  Menkaure (D:6)
  A water moccasin (D:9)
  A sky beast (D:6)
  4 orc warriors
  A black bear (D:7)
  A hornet zombie (D:8)
  An ice beast (D:5)
  A necrophage (D:5)
  2 ogres
  13 centaurs
  2 phantoms (D:5)
  A kobold brigand (D:7)
  3 bullfrogs
  4 gnoll sergeants
  4 scorpions
  A water moccasin zombie (D:5)
  2 water moccasin skeletons
  6 killer bees
  12 wights
  4 howler monkeys
  An electric eel (D:10)
  2 centaur zombies
  A bullfrog zombie (D:5)
  6 orc priests
  2 bullfrog skeletons
  14 hounds
  A centaur skeleton (D:7)
  3 gnoll shamans (D:5)
  A jelly (D:5)
  An iguana (D:5)
  Natasha (thrice) (D:4)
  15 orc wizards
  A killer bee zombie (D:7)
  2 hound zombies (D:5)
  2 hound skeletons
  A howler monkey skeleton (D:7)
  6 adders
  21 gnolls
  A river rat (D:4)
  2 white imps
  An adder skeleton (D:4)
  2 worms
  A dart slug (D:4)
  36 orcs
  4 endoplasms
  2 giant cockroaches
  7 goblins
  6 hobgoblins
  6 jackals
  5 quokkas
  3 ball pythons
  6 bats
  3 frilled lizards
  10 kobolds
  5 rats
291 creatures vanquished.

Vanquished Creatures (collateral kills)
  Sigmund (D:4)
  A hound (D:4)
  An endoplasm (D:1)
3 creatures vanquished.

Vanquished Creatures (others)
  A swamp drake (D:9)
  A centaur (D:10)
  An orc priest (D:9)
  A quokka (D:1)
4 creatures vanquished.

Grand Total: 298 creatures vanquished

Notes
Turn   | Place    | Note
-------+----------+-------------------------------------------
     0 | D:1      | ragingrage the Gargoyle Artificer began the quest for the
                  | Orb.
     0 | D:1      | Reached XP level 1. HP: 12/12 MP: 1/1
   225 | D:1      | Reached XP level 2. HP: 17/17 MP: 2/2
   318 | D:1      | Found a faded altar of an unknown god.
   538 | D:1      | Reached XP level 3. HP: 8/22 MP: 3/3
  1374 | D:2      | Reached XP level 4. HP: 20/28 MP: 4/4
  2192 | D:3      | Noticed a scorpion
  2203 | D:3      | Killed a scorpion
  2204 | D:3      | Reached XP level 5. HP: 32/33 MP: 5/5
  2299 | D:3      | Noticed an ogre
  2334 | D:3      | Killed an ogre
  2722 | D:3      | Found a radiant altar of Vehumet.
  2787 | D:3      | Reached XP level 6. HP: 37/39 MP: 6/6
  3278 | D:4      | Noticed Natasha
  3288 | D:4      | Killed Natasha
  3503 | D:4      | Noticed Natasha
  3516 | D:4      | Killed Natasha
  3638 | D:4      | Reached skill level 5 in Fighting
  3856 | D:4      | Noticed Natasha
  3870 | D:4      | Killed Natasha
  3916 | D:4      | Reached skill level 1 in Axes
  3916 | D:4      | Reached skill level 5 in Evocations
  3997 | D:4      | Noticed Sigmund
  4016 | D:5      | Entered Level 5 of the Dungeon
  4126 | D:5      | Reached XP level 7. HP: 20/44 MP: 7/7
  4462 | D:5      | Reached skill level 2 in Axes
  4548 | D:5      | Noticed Pikel
  4552 | D:5      | Noticed Pikel
  4552 | D:5      | Pikel changed into Pikel the golden eye
  4578 | D:5      | Killed Pikel the golden eye
  4602 | D:5      | Reached XP level 8. HP: 34/51 MP: 8/8
  4653 | D:4      | Killed Sigmund
  4654 | D:4      | Reached skill level 3 in Axes
  4757 | D:4      | Noticed Edmund
  4759 | D:4      | Noticed Edmund
  4759 | D:4      | Edmund changed into Edmund the bullfrog
  4771 | D:4      | Killed Edmund the bullfrog
  5131 | D:4      | Found a staircase to the Ecumenical Temple.
  5185 | D:4      | Noticed Blork the orc
  5186 | D:4      | Noticed Blork
  5186 | D:4      | Blork the orc changed into Blork the river rat
  5196 | D:4      | Killed Blork the river rat
  5237 | Temple   | Entered the Ecumenical Temple
  5319 | Temple   | Became a worshipper of Warmaster Okawaru
  5650 | D:5      | Reached skill level 4 in Axes
  5918 | D:5      | Reached * piety under Okawaru
  5987 | D:5      | Reached skill level 5 in Axes
  6352 | D:5      | Reached XP level 9. HP: 34/59 MP: 9/9
  6721 | D:5      | Reached skill level 6 in Axes
  6809 | D:5      | Noticed Grum
  6842 | D:5      | Killed Grum
  6842 | D:5      | Reached ** piety under Okawaru
  7533 | D:5      | Reached skill level 7 in Axes
  7601 | D:5      | Found a shadowy altar of Dithmenos.
  7601 | D:5      | Found an ornate altar of the Wu Jian Council.
  7657 | D:6      | Noticed Prince Ribbit
  7906 | D:5      | Reached skill level 8 in Axes
  8070 | D:6      | Reached *** piety under Okawaru
  8404 | D:6      | Killed Prince Ribbit
  8405 | D:6      | Reached skill level 9 in Axes
  8494 | D:6      | Noticed Menkaure
  8500 | D:6      | Killed Menkaure
  8501 | D:6      | Reached XP level 10. HP: 52/64 MP: 10/10
  9363 | D:7      | Found a sparkling altar of Nemelex Xobeh.
  9749 | D:7      | Reached skill level 10 in Axes
  9892 | D:7      | Found a basalt altar of Yredelemnul.
  9917 | D:7      | Reached **** piety under Okawaru
 10455 | D:8      | Found an opulent altar of Gozag.
 11377 | D:8      | Reached skill level 11 in Axes
 11548 | D:8      | Received a gift from Okawaru
 11857 | D:8      | Reached ***** piety under Okawaru
 12484 | D:9      | Reached skill level 12 in Axes
 12802 | D:9      | Reached XP level 11. HP: 62/68 MP: 11/11
 12846 | D:9      | Found a stormy altar of Qazlal.
 12861 | D:9      | Found Omuer's Book Emporium.
 12863 | D:9      | Noticed Maggie
 12906 | D:9      | Killed Maggie
 12924 | D:9      | Received a gift from Okawaru
 13559 | D:9      | Reached skill level 13 in Axes
 14284 | D:9      | Found a staircase to the Orcish Mines.
 14554 | D:10     | Entered Level 10 of the Dungeon
 14836 | D:10     | Reached skill level 1 in Invocations
 15010 | D:9      | Identified the +7 fustibalus of Absolutism {venom, Fly rC++
                  | MP+9} (Okawaru gifted it to you on level 9 of the Dungeon)
 15010 | D:9      | Received a gift from Okawaru
 16183 | D:10     | Found a hide-covered altar of Uskayaw.
 16188 | D:10     | Noticed a two-headed ogre
 16215 | D:10     | Killed a two-headed ogre
 16446 | D:10     | Found a hazy altar of Hepliaklqana.
 16447 | D:10     | Found a shimmering blue altar of Sif Muna.
 16461 | D:10     | You fall into a shaft and drop 3 floors!
 16476 | D:12     | Noticed a centaur warrior
 16491 | D:13     | Noticed a manticore
 16508 | D:13     | Killed a manticore
 16509 | D:13     | Reached skill level 14 in Axes
 16922 | D:13     | Noticed a centaur warrior
 16932 | D:13     | Killed a centaur warrior
 17104 | D:12     | Reached XP level 12. HP: 55/73 MP: 11/14
 17105 | D:12     | Noticed a two-headed ogre
 17106 | D:12     | Received a gift from Okawaru
 17174 | D:13     | Noticed a centaur warrior
 17176 | D:13     | Reached skill level 15 in Axes
 17176 | D:13     | Reached ****** piety under Okawaru
 17181 | D:13     | Gained mutation: You are strong-willed. (Will+) [potion of
                  | mutation]
 17181 | D:13     | Gained mutation: You sometimes lose the ability to read
                  | scrolls when taking damage. [potion of mutation]
 17181 | D:13     | Gained mutation: You possess an exceptional clarity of
                  | mind. [potion of mutation]
 17193 | D:13     | Demolished by a cyclops

Illustrated notes

Levels and vault maps discovered:
D:1:      saegor_arrival_miasma, layout_rooms,
          dilly_ecumenical_altar_fadedgnrine, minmay_misc_feat_roman,
          minivault_19, minmay_pentomino_t4
D:2:      layout_basic, serial_aquarium, aquarium_bridge_square
          [aquarium_subvault_window, aquarium_subvault_bridge,
          aquarium_subvault_wall, aquarium_subvault_wall], aquarium_window_2,
          aquarium_window_2, aquarium_window_1, aquarium_view_2g,
          aquarium_view_2d, aquarium_balcony_3b, aquarium_pool_1,
          hangedman_decor_points, grunt_ministairs_15
D:3:      layout_basic, nicolae_overflow_crystal_walls
D:4:      layout_basic, minmay_temple_entry_enclosed_plants, uniq_blork_the_orc,
          uniq_edmund, uniq_natasha, uniq_sigmund
D:5:      layout_cave_pools, gammafunk_temple_overflow_wave, serial_gnoll_camp,
          gnoll_camp_mini_basic, gnoll_camp_huts_basic, gnoll_camp_mini_house,
          grums_kennel, gnoll_camp_mini_hut, minmay_starry_boxes, uniq_pikel
D:6:      layout_rooms, uniq_prince_ribbit1, uniq_menkaure
D:7:      layout_loops_ring, mainiacjoe_overflow_boulevard,
          mainiacjoe_overflow_concentric_impassable
D:8:      layout_basic, grunt_gozag_breadcrumbs
D:9:      layout_loops_corners, old_standard_altar, erik_orc_1, serial_shops,
          nicolae_diamond_shop, uniq_maggie
D:10:     layout_cross, nicolae_uskayaw_murder_on_the_dancefloor,
          nicolae_overflow_squiral, chequers_avenue
D:12:     layout_rooms, item_on_display_a
D:13:     minmay_elf_outpost, layout_rooms, erik_vaults_2
Temple:   minmay_temple_forest_path

Skill      XL: |  1  2  3  4  5  6  7  8  9 10 11 12 |
---------------+-------------------------------------+-----
Evocations     | 3 4 5 6 |  6.0
Fighting       | 2 3 4 5 6 8 |  8.0
Axes           | 1 2 5 9 12 14 15 | 15.2
Invocations    | 3 |  3.0
Armour         | |  2.1
Dodging        | |  0.7
Stealth        | |  1.1

Action                   |  1- 3 |  4- 6 |  7- 9 | 10-12 || total
-------------------------+-------+-------+-------+-------++-------
Melee: Club              |    21 |       |       |       ||    21
       Spear             |     8 |       |    53 |   570 ||   631
       Staff             |    31 |       |       |       ||    31
       Mace              |    58 |       |    27 |       ||    85
       Dagger            |    17 |   184 |   278 |       ||   479
       Punch             |       |     5 |     7 |    16 ||    28
       Hand axe          |       |       |    43 |       ||    43
       Whip              |       |       |    89 |   135 ||   224
       Broad axe         |       |       |       |    99 ||    99
       War axe           |       |       |       |     7 ||     7
 Fire: Fustibalus        |       |       |       |    15 ||    15
Throw: Dart              |       |     9 |       |     4 ||    13
Invok: Heroism           |       |       |     1 |     8 ||     9
Evoke: Wand              |     2 |       |    23 |     1 ||    26
       Piece from Xom's  |       |       |     5 |       ||     5
  Use: Scroll            |       |       |       |    16 ||    16
       Potion            |       |       |       |    11 ||    11
 Stab: Paralysed         |       |       |     3 |       ||     3
       Confused          |       |       |       |     3 ||     3
Armor: Leather armour    |    74 |    24 |       |       ||    98
       Ring mail         |       |    32 |    71 |       ||   103
       Chain mail        |       |       |   229 |   361 ||   590
       Troll leather arm |       |       |       |    88 ||    88
Dodge: Dodged            |   116 |   112 |   369 |   430 ||  1027

Table legend: (Time is in decaauts)
 A = Elapsed time spent in this place.
 B = Non-inter-level travel time spent in this place.
 C = Inter-level travel time spent in this place.
 D = Time resting spent in this place.
 E = Time spent auto-exploring this place.
 F = Levels seen in this place.
 G = Mean time per level.
                   A        B        C        D        E       F      G
               +--------+--------+--------+--------+--------+-----+--------+
         Total |  17002 |  15979 |   1023 |   4129 |   8507 |  13 | 1307.8 |
       Dungeon |  16893 |  15913 |    980 |   4129 |   8449 |  12 | 1407.8 |
        Temple |    108 |     65 |     43 |      0 |     58 |   1 |  108.0 |
               +--------+--------+--------+--------+--------+-----+--------+

Top non-repeatable levels by time:
     D:5: 3251 daAuts
     D:9: 2647 daAuts
     D:8: 2256 daAuts
     D:4: 1760 daAuts
     D:3: 1332 daAuts
     D:7: 1318 daAuts
     D:2: 1038 daAuts
     D:6: 992 daAuts
     D:1: 896 daAuts
    D:10: 694 daAuts
    D:13: 567 daAuts
    D:12: 139 daAuts
  Temple: 108 daAuts
